 Dungeon Crawl Stone Soup version 0.30-a0-883-g5ad918d77d (webtiles) character file.

Game seed: 12472426278557150417

1 sircluck the Slasher (level 1, -3/18 HPs)
             Began as a Minotaur Gladiator on Mar 15, 2023.
             Slain by a gnoll
             ... wielding a +0 club
              (6 damage)
             ... on level 1 of the Dungeon.
             The game lasted 00:00:45 (18 turns).

sircluck the Slasher (Minotaur Gladiator)             Turns: 18, Time: 00:00:46

Health: -3/18      AC:  3    Str: 18    XL:     1   Next: 16%
Magic:  0/0        EV: 12    Int:  5    God:
Gold:   0          SH:  0    Dex: 11    Spells: 0/0 levels left

rFire   . . .      SeeInvis .    a - +0 long sword
rCold   . . .      Faith    .    (no shield)
rNeg    . . .      Spirit   .    b - +0 leather armour
rPois   .          Reflect  .    c - +0 hat
rElec   .          Rampage  .    (no cloak)
rCorr   .                        (no gloves)
Will    .....                    (no boots)
Stlth   +                        (no amulet)
HPRegen 0.23/turn                (no ring)
MPRegen 0.07/turn                (no ring)

@: no status effects
A: horns 2, retaliatory headbutt
a: no special abilities


You were on level 1 of the Dungeon.
You visited 1 branch of the dungeon, and saw 1 of its levels.

Inventory:

Hand Weapons
 a - a +0 long sword (weapon)
Missiles
 d - 3 throwing nets (quivered)
 e - a javelin
Armour
 b - a +0 leather armour (worn)
 c - a +0 hat (worn)


   Skills:
 + Level 2.4 Fighting
 + Level 3.6 Long Blades
 + Level 2.0 Throwing
 + Level 3.3 Dodging


You couldn't memorise any spells.
You didn't know any spells.
Your spell library was empty.

Dungeon Overview and Level Annotations

Branches:
Dungeon (1/15)

Altars:


Innate Abilities, Weirdness & Mutations

You have a pair of horns on your head.
You reflexively headbutt those who attack you in melee.


Message History

Found 13 gold pieces.
Found a hand axe.
You open the door.
A kobold comes into view. It is wielding a +0 short sword.
The kobold shouts!
You hear a shout! x2
There is an open door here.
A kobold and a frilled lizard come into view.
The frilled lizard hisses angrily.
You hear a shout!
A gnoll comes into view. It is wielding a +0 club.
The gnoll shouts!
You hear a shout!
You closely miss the kobold. Your headbutt misses the kobold.
The kobold barely misses you.
You barely miss the kobold. Your headbutt misses the kobold.
The kobold barely misses you.
You slash the kobold!
You kill the kobold!
The kobold throws a stone.
The stone barely misses you.
You hit the gnoll.
The gnoll is lightly wounded.
A kobold comes into view. It is wielding a +0 short sword.
The gnoll hits you with a +0 club.
You closely miss the gnoll.
The kobold shouts!
You headbutt the gnoll.
The gnoll is moderately wounded.
The kobold throws a stone.
The stone hits you but does no damage. The gnoll hits you with a +0 club.
A hobgoblin comes into view.
The gnoll hits you with a +0 club.
* * * LOW HITPOINT WARNING * * *
You are too injured to fight recklessly!
You closely miss the kobold. The kobold hits you but does no damage.
The gnoll closely misses you. You furiously retaliate!
You headbutt the gnoll! You closely miss the kobold. The kobold misses you.
The gnoll hits you with a +0 club.
* * * LOW HITPOINT WARNING * * *
You hit the kobold.
The kobold is moderately wounded.
The gnoll hits you with a +0 club.
You die...

.# #.# ##### #
#.# ##.<.#
#.###.# ##...##
#.#...# #...##
####.....###...#
.....K)..##...##
#g@.##...#
##K.#...##
#..'...+
#..#...#
#...##...#
...#.##...#
..K#...###...#
.l.##.## ...# ..
#. #..$#


You could see a gnoll and 2 kobolds.

Vanquished Creatures
  A kobold (D:1)
1 creature vanquished.

Notes
Turn   | Place    | Note
-------+----------+-------------------------------------------
     0 | D:1      | sircluck the Minotaur Gladiator began the quest for the
                  | Orb.
     0 | D:1      | Reached XP level 1. HP: 18/18 MP: 0/0
    18 | D:1      | Slain by a gnoll

Illustrated notes

Levels and vault maps discovered:
D:1:      evilmike_arrival_crescent, layout_basic, serial_shops, shop,
          minmay_three_crescents

Action                     || total
---------------------------++-------
  Melee: Long sword        ||     8
         Headbutt          ||     1
 Armour: Leather armour    ||     2
  Dodge: Dodged            ||     5

Table legend: (Time is in decaauts)
 A = Elapsed time spent in this place.
 B = Non-inter-level travel time spent in this place.
 C = Inter-level travel time spent in this place.
 D = Time resting spent in this place.
 E = Time spent auto-exploring this place.
 F = Levels seen in this place.
 G = Mean time per level.
                   A        B        C        D        E       F      G
               +--------+--------+--------+--------+--------+-----+--------+
         Total |     19 |     11 |      8 |      0 |      0 |   1 |   19.0 |
       Dungeon |     19 |     11 |      8 |      0 |      0 |   1 |   19.0 |
               +--------+--------+--------+--------+--------+-----+--------+

Top non-repeatable levels by time:
     D:1: 19 daAuts
